 Dungeon Crawl Stone Soup version 0.24.0-13-gcf9b319 (webtiles) character file.

Game seed: 18344460309180145003, levelgen mode: deterministic

47 Fang the Skirmisher (level 3, 0/24 HPs)
             Began as a Gargoyle Berserker on Nov 20, 2019.
             Was a Believer of Trog.
             Slain by an adder (4 damage)
             ... on level 2 of the Dungeon.
             The game lasted 00:01:34 (1349 turns).

Fang the Skirmisher (Gargoyle Berserker)            Turns: 1349, Time: 00:01:35

Health: 0/24       AC:  5    Str: 21    XL:     3   Next: 70%
Magic:  3/3        EV: 12    Int:  7    God:    Trog [**....]
Gold:   33         SH:  0    Dex:  9    Spells: 2/2 levels left

rFire    . . .     SeeInvis .   a - +0 hand axe
rCold    . . .     Gourm    .   (no shield)
rNeg     + + .     Faith    .   b - +0 animal skin
rPois    ∞         Spirit   .   (no helmet)
rElec    +         Reflect  .   (no cloak)
rCorr    .         Harm     .   (no gloves)
MR       .....                  (no boots)
Stlth    +.........             (no amulet)
HPRegen  0.08/turn              i - ring of positive energy
MPRegen  0.08/turn              (no ring)

@: no status effects
A: negative energy resistance 1, electricity resistance, unbreathing,
petrification resistance, rot immunity, AC +3
a: Berserk, Trog's Hand, Renounce Religion


You were on level 2 of the Dungeon.
You worshipped Trog.
Trog was pleased with you.
You were hungry.

You visited 1 branch of the dungeon, and saw 2 of its levels.

You collected 33 gold pieces.

Inventory:

Hand Weapons
 a - a +0 hand axe (weapon)
Armour
 b - a +0 animal skin (worn)
Jewellery
 i - a ring of positive energy (left hand)
Scrolls
 d - a scroll of remove curse {unknown}
 e - 3 scrolls of identify {unknown}
 h - a scroll of teleportation {unknown}
 j - a scroll of enchant armour {unknown}
 l - a scroll of immolation {unknown}
Potions
 g - a potion of agility {unknown}
 k - a potion of might {unknown}
Comestibles
 c - 8 rations
 f - 7 chunks of flesh


   Skills:
 + Level 3.7 Fighting
 + Level 3.1 Axes
 + Level 2.9 Armour
 + Level 2.1 Dodging


You had 2 spell levels left.
You didn't know any spells.
Your spell library was empty.

Dungeon Overview and Level Annotations

Branches:
Dungeon (2/15)

Altars:
Ru
Trog
Wu Jian


Innate Abilities, Weirdness & Mutations

You are resistant to torment.
Your stone body is resilient. (AC +3)
You are immune to poison.
You resist negative energy. (rN+)
You are resistant to electric shocks. (rElec)
You can survive without breathing.
You are immune to petrification.
You are immune to rotting.


Message History

You are too injured to fight recklessly!
You are too injured to fight recklessly!
You are too injured to fight recklessly!
You are too injured to fight recklessly!
You are too injured to fight recklessly!
You are too injured to fight recklessly!
The adder bites you.
You barely miss the adder.
The adder is severely wounded.
The adder barely misses you. The adder completely misses you.
The goblin shoots a stone.
The stone completely misses you.
You barely miss the adder.
The adder is severely wounded.
The adder barely misses you.
The goblin shoots a stone.
The stone hits you.
* * * LOW HITPOINT WARNING * * *
The adder bites you but does no damage.
You hit the adder but do no damage.
The adder is severely wounded.
The adder bites you.
You die...

######.# #.#.###
#.# .# #.#
#.#..# #.# #.#
#....# #.# # #..
###.## ####.# #
### #.## #..÷.#
# #... #(####
###(..##.#
#..(.....#
#....._@##
#.....†)S.g..#
.._.?⌠....##....
.....(....# ##
...........
.#..._...#.#
##......#.#
#!#.#....#


You could see an adder and a goblin.

Vanquished Creatures
  An ooze (D:1)
  2 dart slugs (D:1)
  5 bats
  5 giant cockroaches
  5 goblins
  5 hobgoblins
  7 kobolds
  A ball python (D:2)
  3 rats (D:1)
34 creatures vanquished.

Notes
Turn   | Place    | Note
-------+----------+-------------------------------------------
     0 | D:1      | Fang the Gargoyle Berserker began the quest for the Orb.
     0 | D:1      | Reached XP level 1. HP: 14/14 MP: 1/1
    66 | D:1      | Reached XP level 2. HP: 18/19 MP: 2/2
   321 | D:1      | Reached XP level 3. HP: 9/23 MP: 3/3
  1274 | D:2      | Reached ** piety under Trog
  1330 | D:2      | Found a sacrificial altar of Ru.
  1332 | D:2      | Found a bloodstained altar of Trog.
  1332 | D:2      | Found an ornate altar of the Wu Jian Council.
  1349 | D:2      | Slain by an adder

Levels and vault maps discovered:
D:1:      eino_arrival_cavern_e, layout_loops_cross, serial_co_window_serial,
          co_window_paths_b, co_window_paths_b, co_window_paths_b,
          co_window_paths_a, co_window_paths_a, co_window_broadway_a,
          co_window_cross_4, co_window_cross_2, co_window_paths_d,
          glass_columns_a, glass_columns_b, glass_columns_b, glass_columns_b,
          glass_columns_a
D:2:      layout_basic, grunt_temple_overflow_open, first_ration

Skill      XL: |  1  2 |
---------------+-------+-----
Axes           | 3 |  3.1
Dodging        | 2 |  2.1
Fighting       | |  3.7
Armour         | |  2.9

Action                   || total
-------------------------++-------
Melee: Hand axe          ||   128
  Eat: Chunk             ||     1
Armor: Animal skin       ||    63
Dodge: Dodged            ||   104
